 Dungeon Crawl Stone Soup version 0.30-a0-800-g7c544603b3 (webtiles) character file.

Game seed: 7332006029534399995

100 Juicyj the Conjurer (level 4, -9/36 HPs)
             Began as a Draconian Wanderer on Feb 22, 2023.
             Mangled by an orc
             ... wielding a +0 war axe
              (16 damage)
             ... on level 4 of the Dungeon.
             The game lasted 00:05:32 (2546 turns).

Juicyj the Conjurer (Draconian Wanderer)            Turns: 2546, Time: 00:05:32

Health: -9/36      AC:  5    Str: 15    XL:     4   Next: 46%
Magic:  3/6        EV: 11    Int: 13    God:
Gold:   150        SH:  0    Dex: 11    Spells: 2/6 levels left

rFire   . . .      SeeInvis .    a - +0 club (spect)
rCold   . . .      Faith    .    (no shield)
rNeg    . . .      Spirit   .    (body armour unavailable)
rPois   .          Reflect  .    (helmet restricted)
rElec   .          Harm     .    (no cloak)
rCorr   .          Rampage  .    (no gloves)
Will    .....                    (no boots)
Stlth   ++                       (no amulet)
HPRegen 0.26/turn                (no ring)
MPRegen 0.10/turn                (no ring)

@: no status effects
A: AC +5, unfitting armour, cold-blooded
a: no special abilities


You were on level 4 of the Dungeon.
You visited 1 branch of the dungeon, and saw 4 of its levels.

You collected 150 gold pieces.

Inventory:

Hand Weapons
 a - a +0 spectral club (weapon)
Scrolls
 f - a scroll of enchant armour {unknown}
 g - 3 scrolls of identify {unknown}
 h - a scroll of enchant weapon {unknown}
 j - 2 scrolls of amnesia {unknown}
 m - a scroll of vulnerability {unknown}
Potions
 d - a potion of mutation {unknown}
 e - 2 potions of brilliance {unknown}
 i - a potion of heal wounds {unknown}
 k - a potion of lignification {unknown}
 l - a potion of magic {unknown}
Miscellaneous
 c - a piece from Xom's chessboard (13/15)


   Skills:
 * Level 1.9 Fighting
 * Level 0.9 Maces & Flails
 * Level 0.8 Dodging
 + Level 2.4 Stealth
 + Level 1.6 Spellcasting
 + Level 4.3 Conjurations
 * Level 0.1 Ice Magic
 + Level 1.5 Poison Magic
 + Level 1.8 Evocations


You had 2 spell levels left.
You knew the following spells:

 Your Spells              Type           Power      Damage    Failure   Level
a - Magic Dart            Conj           48%        1d5       4%          1
b - Ozocubu's Armour      Ice            1%         N/A       58%         3

Your spell library contained the following spells:

 Spells                   Type           Power      Damage    Failure   Level
 Sting                    Tmut/Pois      12%        1d3       19%         1
 Hailstorm                Conj/Ice       6%         3d4       32%         3
 Mephitic Cloud           Conj/Pois/Air  6%         N/A       34%         3
 Metabolic Englaciation   Hex/Ice        0%         N/A       100%        5
 Simulacrum               Ice/Necr       0%         N/A       100%        6


Dungeon Overview and Level Annotations

Branches:
Dungeon (4/15)
 Temple: D:4-7

Altars:

Shops:
D:3 =


Innate Abilities, Weirdness & Mutations

Your plain brown scales are hard. (AC +5)
You cannot fit into any form of body armour.
You are cold-blooded and may be slowed by cold attacks.


Message History

The orc is wielding a +0 trident and quivering boomerangs of dispersal.
The kobold shouts!
The orc shouts!
A goblin comes into view. It is wielding a +0 club.
The orc moves out of view.
The goblin shouts!
The orc shouts!
The orc priest shouts!
An orc wizard comes into view. It is wielding a +0 dagger.
You hit the giant cockroach.
The giant cockroach is severely wounded.
Your +0 spectral club barely misses the giant cockroach.
The giant cockroach bites you but does no damage.
The orc priest invokes the aid of Beogh against you.
Beogh smites you! The giant cockroach barely misses you.
You barely miss the giant cockroach.
Your tail-slap misses the giant cockroach.
The giant cockroach is severely wounded.
Your +0 spectral club hits the giant cockroach.
You kill the giant cockroach!
The orc hits your +0 spectral club with a +0 war axe.
The kobold barely misses your +0 spectral club.
The orc completely misses your +0 spectral club.
As you read the scroll of fog, it crumbles to dust.
The scroll dissolves into smoke.
The kobold attacks as you move away! The kobold hits you with a +0 club.
You open the door.
The endoplasm quivers.
The kobold hits you with a +0 club. The orc hits you but does no damage.
The kobold attacks as you move away! The kobold hits you but does no damage.
The orc hits you with a +0 war axe.
* * * LOW HITPOINT WARNING * * *
The kobold throws a stone.
The stone barely misses you.
There is an open door here.
The orc attacks as you move away! The orc hits you with a +0 war axe.
* * * LOW HITPOINT WARNING * * *
There's a creature in the doorway!
You make a move on Xom's chessboard...
The orc seems to grow stronger.
The orc barely misses you.
You make a move on Xom's chessboard...
The orc wizard seems to grow stronger.
The orc hits you with a +0 war axe!
You die...

.......#
########......#
..............# ##.
..............#..~
......§§§§§J..#.##
....oo§o§§§§...[..
....o.§§gKJ...#####
.....#§##o#....(..#
.... #§§o@#.#####.#
... ######.#<..#.#[
..
..............>.# #
.###............#
#.......###..#
#.......+ .#
#.......# #
#.......+ #.......#


You could see an orc wizard (strong), an orc (strong), an endoplasm, a goblin
and a kobold.

Vanquished Creatures
  4 adders (D:2)
  A worm (D:2)
  A dart slug (D:4)
  6 bats
  8 endoplasms
  6 giant cockroaches
  3 goblins
  9 hobgoblins
  3 kobolds
  A quokka (D:4)
  5 ball pythons
  A frilled lizard (D:2)
  3 rats
51 creatures vanquished.

Notes
Turn   | Place    | Note
-------+----------+-------------------------------------------
     0 | D:1      | Juicyj the Draconian Wanderer began the quest for the Orb.
     0 | D:1      | Juicyj set off with the following items: a +0 club, a
                  | scroll of fog, a piece from Xom's chessboard (15/15); and
                  | the following spells available to memorise: Magic Dart,
                  | Sting, Hailstorm, Mephitic Cloud.
     0 | D:1      | Reached XP level 1. HP: 16/16 MP: 2/2
     2 | D:1      | Learned a level 1 spell: Magic Dart
   146 | D:1      | Reached XP level 2. HP: 4/23 MP: 1/3
   708 | D:1      | Found a faded altar of an unknown god.
   708 | D:1      | Noticed an ice devil
   887 | D:1      | Reached XP level 3. HP: 28/28 MP: 1/4
  1521 | D:2      | Reached XP level 4. HP: 36/36 MP: 0/6
  1664 | D:2      | Learned a level 3 spell: Ozocubu's Armour
  2493 | D:3      | Found Ryagioqi's Jewellery Shop.
  2546 | D:4      | Mangled by an orc

Illustrated notes

Levels and vault maps discovered:
D:1:      wheals_arrival_shading, layout_loops_ring,
          dreamdust_ecumenical_altar_sealed_demon
D:2:      layout_rooms, corexii_item_surrounded_by_moat
D:3:      layout_basic, serial_shops, nicolae_square_shop
D:4:      layout_basic, slow_altar_2, grunt_gozag_statues,
          chequers_ossuary_entry_cave, chequers_serial_rivers_small_b

Skill      XL: |  1  2 |
---------------+-------+-----
Stealth        | 2 |  2.4
Fighting       | |  1.9
Maces & Flails | |  0.9
Dodging        | |  0.8
Spellcasting   | |  1.6
Conjurations   | |  4.3
Ice Magic      | |  0.1
Poison Magic   | |  1.5
Evocations     | |  1.8

Action                     |  1- 3 |  4- 6 || total
---------------------------+-------+-------++-------
  Melee: Club              |    48 |     4 ||    52
         Tailslap          |     6 |       ||     6
         Punch             |     1 |       ||     1
   Cast: Magic Dart        |    65 |    32 ||    97
  Evoke: Piece from Xom's  |       |     2 ||     2
    Use: Scroll            |     2 |     1 ||     3
   Stab: Distracted        |     1 |       ||     1
         Sleeping          |       |     1 ||     1
 Armour: Skin              |    30 |     6 ||    36
  Dodge: Dodged            |    41 |     6 ||    47

Table legend: (Time is in decaauts)
 A = Elapsed time spent in this place.
 B = Non-inter-level travel time spent in this place.
 C = Inter-level travel time spent in this place.
 D = Time resting spent in this place.
 E = Time spent auto-exploring this place.
 F = Levels seen in this place.
 G = Mean time per level.
                   A        B        C        D        E       F      G
               +--------+--------+--------+--------+--------+-----+--------+
         Total |   2563 |   2494 |     69 |    103 |   2051 |   4 |  640.8 |
       Dungeon |   2563 |   2494 |     69 |    103 |   2051 |   4 |  640.8 |
               +--------+--------+--------+--------+--------+-----+--------+

Top non-repeatable levels by time:
     D:1: 1097 daAuts
     D:2: 795 daAuts
     D:3: 639 daAuts
     D:4: 30 daAuts
